 Dungeon Crawl Stone Soup version 0.29.1-2-gbd0b4ee654 (webtiles) character file.

Game seed: 16490450950502315884

12060 LustLizard the Thaumaturge (level 11, -2/59 HPs)
             Began as a Spriggan Air Elementalist on Nov 23, 2022.
             Was an Initiate of Qazlal.
             Slain by a boulder beetle (61 damage)
             ... on level 12 of the Dungeon.
             The game lasted 00:31:19 (17266 turns).

LustLizard the Thaumaturge (SpAE)                  Turns: 17266, Time: 00:31:20

Health: -2/59      AC:  3    Str:  4    XL:     11   Next: 57%
Magic:  27/27      EV: 27    Int: 21    God:    Qazlal [......]
Gold:   687        SH:  0    Dex: 16    Spells: 27/32 levels left

rFire   . . .      SeeInvis +   l - +3 dagger (venom)
rCold   . . .      Faith    .   (no shield)
rNeg    . . .      Spirit   .   a - +0 robe
rPois   .          Reflect  .   (helmet restricted)
rElec   .          Harm     .   z - +0 cloak
rCorr   +          Rampage  .   (gloves unavailable)
Will    +....                   (boots unavailable)
Stlth   ++........              g - amulet of regeneration
HPRegen 0.99/turn               C - ring of resist corrosion
MPRegen 0.20/turn               O - +4 ring of evasion

@: very quick
A: very small, no large weapons, unfitting armour, see invisible, speed 3
a: Renounce Religion


You were on level 12 of the Dungeon.
You worshipped Qazlal.
Qazlal was noncommittal.
You visited 2 branches of the dungeon, and saw 13 of its levels.
You also visited: Ossuary.

You collected 687 gold pieces.

Inventory:

Hand Weapons
 c - a +0 dagger
 l - a +3 dagger of venom (weapon)
Missiles
 h - 28 poisoned darts (quivered)
 t - a throwing net
Armour
 a - a +0 robe (worn)
 z - a +0 cloak (worn)
Jewellery
 g - an amulet of regeneration (around neck)
 u - an amulet of the acrobat
 C - a ring of resist corrosion (left hand)
 L - a ring of flight
 O - a +4 ring of evasion (right hand)
Wands
 x - a wand of flame (38)
 y - a wand of iceblast (26)
 N - a wand of paralysis (6)
Scrolls
 e - 6 scrolls of teleportation
 f - 2 scrolls of enchant weapon
 m - 2 scrolls of vulnerability {unknown}
 r - 2 scrolls of immolation
 s - 4 scrolls of noise {unknown}
 v - 3 scrolls of magic mapping {unknown}
 w - a scroll of silence {unknown}
 A - 2 scrolls of fear {unknown}
 B - 3 scrolls of enchant armour {unknown}
 D - 2 scrolls of acquirement {unknown}
 J - 2 scrolls of poison {unknown}
 K - a scroll of fog {unknown}
Potions
 b - 3 potions of magic
 d - 4 potions of might
 i - 12 potions of curing
 j - 4 potions of ambrosia
 k - 3 potions of mutation
 n - 4 potions of haste
 o - 3 potions of invisibility
 p - 3 potions of degeneration
 q - 3 potions of flight
 E - 2 potions of attraction
 F - a potion of resistance
 G - 2 potions of lignification
 H - 2 potions of heal wounds
 I - a potion of berserk rage {unknown}
Miscellaneous
 M - a phial of floods


   Skills:
 + Level 7.6 Fighting
 * Level 9.7 Dodging
 - Level 3.0 Stealth
 + Level 11.2 Spellcasting
 - Level 1.9 Conjurations
 - Level 9.0 Air Magic
 - Level 8.0 Evocations


You had 27 spell levels left.
You knew the following spells:

 Your Spells              Type           Power      Damage    Failure   Level
a - Shock                 Conj/Air       100%       1d9       1%          1
b - Airstrike             Air            24%        2d(4-20)  1%          4

Your spell library contained the following spells:

 Spells                   Type           Power      Damage    Failure   Level
 Static Discharge         Conj/Air       34%        3-8/arc   1%          2
 Swiftness                Air            49%        N/A       1%          3
 Ensorcelled Hibernation  Hex/Ice        22%        N/A       9%          2
 Passwall                 Tmut/Erth      9%         N/A       9%          2
 Sublimation of Blood     Necr           11%        N/A       9%          2
 Corpse Rot               Necr/Pois/Air  24%        N/A       17%         4
 Cause Fear               Hex            5%         N/A       50%         4
 Dispel Undead            Necr           11%        3d9       50%         4
 Petrify                  Tmut/Erth      11%        N/A       50%         4
 Irradiate                Conj/Tmut      7%         3d14      71%         5
 Death Channel            Necr           5%         N/A       100%        6
 Dragon Form              Tmut           5%         N/A       100%        7
 Dragon's Call            Summ           5%         N/A       100%        9


Dungeon Overview and Level Annotations

Branches:
Dungeon (12/15)            Temple (1/1) D:6            Lair (0/5) D:8
    Orc (0/2) D:11        Ossuary (visited)

Altars:
Ashenzari
Cheibriados
Dithmenos
Elyvilon
Fedhas
Gozag
Hepliaklqana
Kikubaaqudgha
Makhleb
Nemelex Xobeh
Okawaru
Qazlal
Ru
Sif Muna
Trog
Uskayaw
Vehumet
Wu Jian
Xom
Yredelemnul
Zin
The Shining One

Shops:
D:6 (

Annotations:
D:11 2 transporters, whiskeysaurus's ghost, journeyman DECj


Innate Abilities, Weirdness & Mutations

You are very small and have problems with some larger weapons.
You are too small for most types of armour.
You have supernaturally acute eyesight. (SInv)
You cover ground extremely quickly. (Speed+++)


Message History

You climb downwards.
Found a potion of mutation.
There is a stone staircase leading up here.
Found an escape hatch in the ceiling.
A boulder beetle comes into view.
Throw: 33 darts (poison)
Press: ? - help, Q - select action, (/) - cycle Shift-Dir - straight line, f - boulder beetle
Aim: a boulder beetle (90% to hit)
You throw a poisoned dart.
The poisoned dart hits the boulder beetle.
The boulder beetle is poisoned.
The boulder beetle curls into a ball and begins rolling!
Throw: 32 darts (poison)
Press: ? - help, Q - select action, (/) - cycle Shift-Dir - straight line, f/p - boulder beetle
Aim: a boulder beetle (lightly wounded, rolling, poisoned, 90% to hit)
You throw a poisoned dart.
The poisoned dart barely misses the boulder beetle.
Unknown command.
Throw: 31 darts (poison)
Press: ? - help, Q - select action, (/) - cycle Shift-Dir - straight line, f/p - boulder beetle
Aim: a boulder beetle (lightly wounded, rolling, poisoned, 90% to hit)
You throw a poisoned dart.
The poisoned dart hits the boulder beetle.
The boulder beetle is lightly wounded.
Throw: 30 darts (poison)
Press: ? - help, Q - select action, (/) - cycle Shift-Dir - straight line, f/p - boulder beetle
Aim: a boulder beetle (lightly wounded, rolling, poisoned, 90% to hit)
You throw a poisoned dart.
The poisoned dart hits the boulder beetle.
The boulder beetle is lightly wounded.
Throw: 29 darts (poison)
Press: ? - help, Q - select action, (/) - cycle Shift-Dir - straight line, f/p - boulder beetle
Aim: a boulder beetle (lightly wounded, rolling, poisoned, 90% to hit)
You throw a poisoned dart.
The poisoned dart hits the boulder beetle.
The boulder beetle looks even sicker.
The boulder beetle is lightly wounded.
The boulder beetle hits you!!!
Ouch! That really hurt!
You die...

..° .. #.
######(####
.....!....#
...<...°..#
.......°..#
.......B..###
.......@...<#
..........#..+
..........####
###.####### #.
.. +


You could see a boulder beetle (rolling, very poisoned).

Vanquished Creatures
  2 two-headed ogres
  A manticore (D:9)
  4 cyclopes
  Joseph (D:10)
  A troll (D:9)
  A hornet (D:10)
  A shadow (D:9)
  2 wraiths (D:9)
  3 wyverns
  13 yaks
  2 basilisks (D:8)
  Eustachio (D:4)
  A steam dragon (D:10)
  8 vampire mosquitoes
  Menkaure (D:4)
  A water moccasin (D:5)
  3 black bears
  2 orc warriors
  2 sky beasts
  2 ogres
  2 centaurs
  A phantom (D:7)
  A kobold brigand (D:8)
  2 bullfrogs
  A gnoll sergeant (D:8)
  A necrophage (D:7)
  11 scorpions
  3 wights (D:9)
  12 killer bees
  3 howler monkeys
  3 jellies
  3 hounds
  Crazy Yiuf (D:7)
  4 orc priests
  2 human zombies (Ossuary)
  4 iguanas
  3 scorpion zombies (Ossuary)
  8 orc wizards
  A hound skeleton (D:7)
  3 mummies (Ossuary)
  Robin (D:2)
  12 gnolls
  7 adders
  6 worms
  3 dart slugs (D:1)
  33 orcs
  6 ball pythons
  3 endoplasms
  4 giant cockroaches
  5 gnoll zombies (Ossuary)
  11 goblins
  9 hobgoblins
  10 jackals
  A quokka (D:4)
  6 bats
  6 frilled lizards
  A goblin zombie (Ossuary)
  3 hobgoblin zombies (Ossuary)
  6 kobolds
  3 kobold zombies (Ossuary)
  2 orc zombies (Ossuary)
  A quokka zombie (D:7)
  4 rats
  A rat zombie (D:7)
265 creatures vanquished.

Vanquished Creatures (others)
  2 plants (D:9)
2 creatures vanquished.

Grand Total: 267 creatures vanquished

Notes
Turn   | Place    | Note
-------+----------+-------------------------------------------
     0 | D:1      | LustLizard the Spriggan Air Elementalist began the quest
                  | for the Orb.
     0 | D:1      | Reached XP level 1. HP: 9/9 MP: 5/5
   597 | D:1      | Reached skill level 1 in Conjurations
   597 | D:1      | Reached XP level 2. HP: 13/13 MP: 1/6
  1154 | D:1      | Found a faded altar of an unknown god.
  1487 | D:2      | Reached skill level 3 in Spellcasting
  1643 | D:2      | Reached XP level 3. HP: 17/17 MP: 0/8
  2127 | D:2      | Reached skill level 1 in Fighting
  2256 | D:2      | Reached XP level 4. HP: 22/22 MP: 2/9
  2361 | D:2      | Noticed Robin
  2392 | D:2      | Killed Robin
  3091 | D:3      | Learned a level 4 spell: Airstrike
  3311 | D:3      | Reached XP level 5. HP: 25/25 MP: 6/11
  3790 | D:3      | Noticed an ogre
  3813 | D:3      | Killed an ogre
  3814 | D:3      | Reached skill level 4 in Spellcasting
  3814 | D:3      | Reached XP level 6. HP: 30/30 MP: 2/13
  4189 | D:4      | Noticed Menkaure
  4354 | D:4      | Noticed Eustachio
  4482 | D:4      | Found a glowing golden altar of the Shining One.
  5188 | D:4      | Reached skill level 5 in Air Magic
  5715 | D:5      | Entered Level 5 of the Dungeon
  5824 | D:5      | Reached skill level 5 in Spellcasting
  5824 | D:5      | Reached XP level 7. HP: 35/35 MP: 2/15
  6988 | D:6      | Reached XP level 8. HP: 38/40 MP: 10/17
  7076 | D:4      | Killed Eustachio
  7077 | D:4      | Reached skill level 6 in Spellcasting
  7224 | D:4      | Killed Menkaure
  7411 | D:6      | Found a staircase to the Ecumenical Temple.
  7417 | Temple   | Entered the Ecumenical Temple
  8248 | D:6      | Reached skill level 7 in Spellcasting
  8742 | D:6      | Found Quxteuss's Firing Range.
  8856 | D:7      | Reached XP level 9. HP: 37/46 MP: 5/21
  9176 | D:7      | Found a radiant altar of Vehumet.
  9239 | D:7      | Found a sand-covered staircase.
  9248 | Ossuary  | Entered an ossuary
  9761 | Ossuary  | Reached skill level 5 in Fighting
  9850 | Ossuary  | Reached skill level 8 in Spellcasting
 10726 | D:7      | Found a runed translucent door.
 10727 | D:7      | Noticed Crazy Yiuf
 10839 | D:7      | Found a burning altar of Makhleb.
 10846 | D:7      | Reached skill level 1 in Evocations
 10981 | D:7      | Killed Crazy Yiuf
 11328 | D:8      | Found an iron altar of Okawaru.
 11670 | D:8      | Reached XP level 10. HP: 31/53 MP: 3/23
 11686 | D:8      | Reached skill level 9 in Spellcasting
 11686 | D:8      | Reached skill level 5 in Evocations
 11820 | D:8      | Found a staircase to the Lair.
 12357 | D:9      | Noticed a manticore
 12360 | D:9      | Killed a manticore
 12763 | D:9      | Found an opulent altar of Gozag.
 12763 | D:9      | Found a sparkling altar of Nemelex Xobeh.
 13125 | D:9      | Noticed a two-headed ogre
 13141 | D:9      | Killed a two-headed ogre
 13163 | D:9      | Reached skill level 5 in Dodging
 13291 | D:9      | Reached skill level 10 in Spellcasting
 13667 | D:9      | Noticed a cyclops
 13820 | D:9      | Killed a cyclops
 14809 | D:9      | Reached XP level 11. HP: 58/58 MP: 6/26
 14940 | D:10     | Entered Level 10 of the Dungeon
 15042 | D:10     | Found a shimmering blue altar of Sif Muna.
 15045 | D:10     | Found a stormy altar of Qazlal.
 15049 | D:10     | Became a worshipper of Qazlal Stormbringer
 15054 | D:10     | Found an ornate altar of the Wu Jian Council.
 15237 | D:10     | Noticed Joseph
 15240 | D:10     | Killed Joseph
 16524 | D:11     | Noticed whiskeysaurus's ghost (journeyman DECj)
 16527 | D:11     | Found a transporter.
 16530 | D:11     | Found a transporter.
 16671 | D:11     | Found a staircase to the Orcish Mines.
 16756 | D:11     | Noticed a two-headed ogre
 16762 | D:11     | Killed a two-headed ogre
 16763 | D:11     | Reached skill level 11 in Spellcasting
 17260 | D:12     | Noticed a boulder beetle
 17266 | D:12     | Slain by a boulder beetle

Illustrated notes

Levels and vault maps discovered:
D:1:      ncdulo_smallfort, layout_loops_cross,
          shapermc_ecumenical_altar_mp_highgroup, kennysheep_pointless_box,
          grunt_decor_resistance, minmay_door_square
D:2:      layout_loops_ring, st_stairs_3, uniq_robin
D:3:      layout_basic, kennysheep_generic_room_6
D:4:      layout_loops_ring, nicolae_overflow_crystal_walls, uniq_menkaure,
          uniq_eustachio
D:5:      layout_basic
D:6:      layout_cave_pods, minmay_temple_entry_steel_oval,
          nicolae_shop_firing_range
D:7:      layout_basic, makhleb_blood_cavern_becter, nicolae_vehumet_radiance,
          enter_ossuary_4, hangedman_decor_points, uniq_crazy_yiuf_cottage
D:8:      layout_basic, okawaru_trees_1, david_lair_generic,
          nicolae_straight_to_the_point
D:9:      wad_cavern_with_rooms, layout_irregular_city,
          grunt_temple_overflow_opulence, dk_noncrumbling_4, serial_bayou_pond_b
D:10:     layout_basic, grunt_temple_overflow_diamond, hex_medium, uniq_joseph
D:11:     layout_basic, orc_0_dummy, gammafunk_ghost_hive
D:12:     layout_roguey
Temple:   nicolae_temple_bog_church

Skill      XL: |  1  2  3  4  5  6  7  8  9 10 11 |
---------------+----------------------------------+-----
Conjurations   | 1 |  1.9
Air Magic      | 3 4 5 6 7 9 |  9.0
Spellcasting   | 3 4 5 7 8 10 11 | 11.2
Fighting       | 1 2 3 4 5 6 7 |  7.6
Evocations     | 4 8 |  8.0
Dodging        | 6 9 |  9.7
Stealth        | |  3.0

Action                   |  1- 3 |  4- 6 |  7- 9 | 10-12 || total
-------------------------+-------+-------+-------+-------++-------
Melee: Unarmed           |     1 |       |       |       ||     1
       Dagger            |    11 |    53 |    61 |    37 ||   162
       Punch             |       |     1 |     1 |       ||     2
Throw: Dart              |       |       |       |     5 ||     5
 Cast: Shock             |    87 |   211 |   272 |   102 ||   672
       Airstrike         |       |       |    53 |    86 ||   139
  Use: Scroll            |       |       |    13 |     2 ||    15
Armor: Robe              |     1 |     9 |    13 |     8 ||    31
Dodge: Dodged            |    12 |    57 |    86 |    70 ||   225
